Map: Interloper LE

Players

SortOf - Winner!

  • Race: Zerg Zerg
  • Spawn Location: 5:00

Elazer

  • Race: Zerg Zerg
  • Spawn Location: 11:00

Event: WCS Montreal 2017

VOD

Have the link to the VOD?

Description

Time

  • Played on: Sept. 8, 2017, 5:58 p.m.
  • Length: 7:34

All games in this series

Show
View Real Time Build Order
Export as new Build Order

SortOf Zerg - Winner!

Build Orders: Pool First 

Get SALT Encoding   

  12  0:18  Spawning Pool  
  11  0:21  Drone  
  11  0:26  Drone  
  13  0:31  Drone  
  14  0:40  Overlord  
  14  1:04  Zergling x2  
  14  1:05  Zergling x4  
  17  1:15  Zergling x2  
  18  1:19  Hatchery  
  17  1:26  Zergling x2  
  18  1:39  Queen  
  20  1:40  Zergling x2  
  21  1:54  Zergling x2  
  22  2:13  Overlord  
  20  2:24  Queen  
  22  2:30  Drone  
  22  2:31  Queen, Drone x2  
  22  2:33  Drone  
  27  2:49  Drone x2  
  28  2:53  Drone  
  27  3:01  Drone x3  
  27  3:04  Drone  
  27  3:05  Drone  
  31  3:10  Overlord  
  31  3:11  Extractor  
  31  3:12  Extractor  
  29  3:15  Drone  
  29  3:16  Drone  
  31  3:24  Drone  
  32  3:27  Evolution Chamber  
  32  3:28  Overlord  
  32  3:33  Drone x2  
  33  3:35  Drone  
  33  3:39  Drone  
  33  3:41  Drone  
  36  3:45  Drone  
  36  3:47  Drone  
  38  3:53  Drone x2  
  40  4:00  Lair  
  40  4:01  Drone  
  41  4:08  Roach Warren  
  40  4:12  Drone x2  
  40  4:16  Zerg Missile Weapons Level 1  
  42  4:21  Overlord  
  42  4:29  Drone  
  42  4:31  Drone x2  
  45  4:32  Overlord  
  45  4:33  Drone x2  
  45  4:35  Extractor  
  46  4:47  Roach  
  46  4:48  Roach x4  
  56  4:57  Glial Reconstitution  
  56  5:02  Overlord, Drone  
  56  5:05  Roach x2  
  61  5:16  Roach x3  
  61  5:17  Overlord  
  67  5:25  Hatchery  
  66  5:31  Roach x3  
  66  5:35  Overlord  
  72  5:37  Overlord  
  72  5:49  Roach x4  
  80  5:58  Roach x4  
  80  6:00  Overlord  
  80  6:03  Roach  
  90  6:14  Roach x4  
  98  6:24  Roach  
  100  6:26  Roach  
  100  6:29  Roach x3  
  108  6:36  Roach x2  
  106  6:41  Roach  
  106  6:43  Roach  
  106  6:46  Roach  
  106  6:47  Roach  
  106  6:51  Roach x2  
  112  6:54  Roach  
  112  6:59  Roach  
  112  7:04  Roach  
  114  7:09  Roach  
  114  7:10  Roach  
  114  7:11  Roach  
  114  7:14  Roach  
Show
View Real Time Build Order
Export as new Build Order

Elazer Zerg 

Build Orders: Pool First 

Get SALT Encoding   

  12  0:17  Spawning Pool  
  11  0:22  Drone  
  11  0:27  Drone  
  13  0:31  Drone  
  14  0:40  Overlord  
  14  1:04  Zergling x4  
  16  1:05  Zergling x2  
  17  1:15  Hatchery  
  16  1:19  Zergling x2  
  17  1:26  Zergling x2  
  18  1:34  Queen  
  18  1:39  Zergling x2  
  21  1:51  Overlord  
  21  1:59  Drone  
  21  2:10  Drone  
  21  2:14  Queen  
  24  2:21  Drone  
  24  2:28  Overlord  
  23  2:30  Drone  
  24  2:38  Drone  
  24  2:42  Drone  
  24  2:43  Drone  
  24  2:44  Drone  
  28  2:46  Zergling x2  
  28  2:56  Zergling x2  
  28  2:59  Drone  
  28  3:04  Overlord  
  29  3:10  Drone  
  29  3:11  Extractor  
  29  3:12  Extractor  
  27  3:13  Drone x2  
  27  3:14  Drone x2  
  31  3:23  Drone  
  31  3:25  Drone  
  33  3:33  Drone  
  34  3:34  Drone x2  
  34  3:36  Drone  
  34  3:38  Drone  
  38  3:43  Drone  
  38  3:46  Drone x3  
  42  3:49  Drone  
  42  3:55  Lair  
  43  3:56  Drone, Evolution Chamber  
  43  3:59  Drone  
  44  4:02  Overlord  
  44  4:03  Drone  
  44  4:05  Drone  
  44  4:09  Drone  
  47  4:16  Extractor  
  46  4:18  Drone, Roach Warren  
  46  4:22  Zerg Missile Weapons Level 1  
  46  4:23  Drone  
  46  4:24  Drone  
  48  4:28  Drone  
  49  4:34  Hatchery  
  48  4:39  Drone  
  48  4:41  Overlord  
  48  4:42  Drone  
  48  4:45  Drone x2  
  52  4:47  Drone x2  
  52  4:51  Queen  
  56  4:54  Drone  
  56  4:57  Glial Reconstitution  
  57  5:01  Overlord  
  57  5:02  Drone  
  57  5:03  Overseer  
  57  5:07  Overlord  
  58  5:12  Drone  
  59  5:16  Drone  
  59  5:20  Roach  
  59  5:21  Roach x2  
  66  5:25  Roach  
  66  5:26  Roach  
  70  5:30  Roach  
  70  5:31  Roach  
  70  5:32  Roach  
  76  5:38  Roach x3  
  76  5:40  Roach  
  84  5:46  Overlord  
  82  5:50  Queen  
  82  5:52  Roach x2  
  82  5:56  Roach  
  90  6:04  Overlord  
  90  6:06  Roach  
  90  6:07  Roach x3, Extractor  
  90  6:08  Ravager  
  90  6:09  Overlord  
  90  6:11  Overlord  
  98  6:18  Overlord  
  98  6:25  Roach x3  
  104  6:31  Roach  
  103  6:36  Roach  
  103  6:37  Roach x4  
  107  6:44  Roach  
  107  6:47  Roach x2  
  103  6:53  Roach  
  99  7:00  Roach x6  
  111  7:02  Roach x2  
  111  7:08  Roach  
  119  7:13  Roach x2  
Tags
 
Add a new tag
Caveats
  • Supply blocks, unpowered buildings, or Contaminate may cause inaccurate times.
  • Supply counts are checked every 10 seconds.